 Dungeon Crawl Stone Soup version 0.24-a0-361-g57161393b2 (webtiles) character file.

Game seed: 4685126488393537446

85 Amnesiac the Digger (level 4, 0/18 HPs)
             Began as a Felid Earth Elementalist on May 26, 2019.
             Was an Initiate of Vehumet.
             Slain by a kobold
             ... wielding a +0 club
              (4 damage)
             ... on level 2 of the Dungeon.
             The game lasted 00:08:02 (3386 turns).

Amnesiac the Digger (Felid Earth Elementalist)      Turns: 3386, Time: 00:08:03

Health: 0/18       AC:  1    Str:  4    XL:     4   Next: 25%
Magic:  10/10      EV: 17    Int: 17    God:    Vehumet [......]
Gold:   139        SH:  0    Dex: 16    Spells: 2/9 levels left
                                        Lives:  0   Deaths: 1

rFire    . . .     SeeInvis +   (weapon unavailable)
rCold    . . .     Gourm    .   (shield unavailable)
rNeg     . . .     Faith    +   (armour unavailable)
rPois    .         Spirit   .   (helmet unavailable)
rElec    .         Reflect  .   (cloak unavailable)
rCorr    .         Harm     .   (gloves unavailable)
MR       .....                  (boots unavailable)
Stlth    ++........             g - amulet of faith
HPRegen  0.06/turn              b - ring of wizardry
MPRegen  0.12/turn              i - ring of flight

@: drained, quick
A: very small, no armour, no weapons or thrown items, stealth, claws 1, fangs 3,
see invisible, carnivore, speed 1, shaggy fur 1, slow metabolism 1, sharp paws
a: Renounce Religion, Evoke Flight


You were on level 2 of the Dungeon.
You worshipped Vehumet.
Vehumet was noncommittal.
You were completely stuffed.

You visited 2 branches of the dungeon, and saw 6 of its levels.

You collected 139 gold pieces.

Inventory:

Missiles
 e - 35 stones
Jewellery
 b - a ring of wizardry (left paw)
 g - an amulet of faith (around neck)
 i - a ring of flight (right paw)
 m - an uncursed amulet of rage {unknown}
Wands
 f - a wand of flame (13)
Scrolls
 a - 3 scrolls of remove curse {!r}
 n - a scroll of teleportation {!r, unknown}
 o - a scroll of random uselessness {!r, unknown}
Potions
 d - 2 potions of heal wounds {!q, unknown}
 h - a potion of curing {!q, unknown}
 j - a potion of magic {!q, unknown}
 k - a potion of flight {!q, unknown}
Comestibles
 c - 8 rations
 l - 2 chunks of flesh


   Skills:
 - Level 2.6(2.0) Dodging
 - Level 2.6(2.0) Stealth
 + Level 3.3(2.6) Spellcasting
 - Level 1.1(0.4) Transmutations
 - Level 4.5(3.7) Earth Magic


You had 2 spell levels left.
You knew the following spells:

 Your Spells              Type           Power        Failure   Level  Hunger
a - Sandblast             Erth           ###...       1%          1    #......
b - Passwall              Tmut/Erth      #.......     4%          2    ##.....
e - Petrify               Tmut/Erth      #.......     28%         4    #####..

Your spell library contained the following spells:

 Spells                   Type           Power        Failure   Level  Hunger
 Stone Arrow              Conj/Erth      #.....       11%         3    ###....
 Lee's Rapid Deconstruct  Erth           ###.......   38%         5    ######.


Dungeon Overview and Level Annotations

Branches:
Dungeon (5/15)             Temple (1/1) D:5

Altars:
Cheibriados
Elyvilon
Fedhas
Nemelex Xobeh
Qazlal
Sif Muna
Trog
Uskayaw
Vehumet
Wu Jian
Yredelemnul
Zin
The Shining One

Annotations:
D:3 1 transporter
D:4 Dowan, Duvessa


Innate Abilities, Weirdness & Mutations

You cannot wear armour.
You are incapable of wielding weapons or throwing items.
Your paws allow you to move quietly. (Stealth)
You have sharp claws.
You have razor-sharp teeth.
You have supernaturally acute eyesight. (SInv)
You are carnivorous and can eat meat at any time.
You cover ground quickly.
You are covered in fur. (AC +1)
You have a slow metabolism.
Your sharp claws are effective at attacking unaware monsters.


Message History

l - 2 chunks of flesh Done exploring.
Done exploring.
Done exploring.
Done exploring.
Done exploring.
Done exploring.
Unknown command.
Done exploring.
Done exploring.
Done exploring.
You see here a club.
There is a stone staircase leading down here.
You climb downwards.
There is a stone staircase leading up here.
The goblin barely misses you.
The kobold shouts!
You scratch the goblin.
The goblin is moderately wounded.
The goblin misses you.
You closely miss the goblin.
The goblin is moderately wounded.
You barely miss the goblin.
The goblin is moderately wounded.
The goblin hits you with a cursed +0 club.
You barely miss the goblin.
The goblin is moderately wounded.
The goblin hits you but does no damage.
You scratch the goblin.
You kill the goblin!
Vehumet accepts your kill.
You barely miss the kobold. The kobold barely misses you.
You barely miss the kobold. The kobold hits you with a +0 club.
* * * LOW HITPOINT WARNING * * *
You scratch the kobold but do no damage.
The kobold misses you.
You completely miss the kobold. The kobold misses you.
You closely miss the kobold. You barely miss the kobold.
The kobold hits you with a +0 club.
* * * LOW HITPOINT WARNING * * *
You are too injured to fight recklessly!
You are too injured to fight recklessly!
You are too injured to fight recklessly!
You are too injured to fight recklessly!
You are too injured to fight recklessly!
You are too injured to fight recklessly!
You are too injured to fight recklessly!
You barely miss the kobold. The kobold misses you.
Unknown command.
Unknown command.
Unknown command.
You completely miss the kobold. You bite the kobold.
The kobold is severely wounded.
The kobold misses you.
You barely miss the kobold.
The kobold is severely wounded.
The kobold misses you.
You barely miss the kobold.
The kobold is severely wounded.
The kobold closely misses you.
You closely miss the kobold.
The kobold is severely wounded.
The kobold hits you with a +0 club.
You die...

#.....# #....
##.....######....
#................
#.......#####....
#.......# #...K ##.....##
#..g. #########.).##
#....
##..<##...)#########....
#......@K...............
#..........<...#.######..
#.......>....##...# ###
#...)........##.#.##
##..........##..g..#
##...##.......###.###
#########..#..#....#
#..##...#..####
#..#...##......


You could see a kobold.

Vanquished Creatures
  A water moccasin skeleton (D:5)
  A hound (D:5)
  An iguana (D:5)
  An adder (D:5)
  3 dart slugs
  A leopard gecko (D:4)
  An orc (D:4)
  A ball python (D:3)
  A giant cockroach (D:1)
  5 goblins
  4 hobgoblins
  A jackal (D:2)
  4 bats
  A frilled lizard (D:1)
  4 kobolds
  4 rats
34 creatures vanquished.

Notes
Turn   | Place    | Note
-------+----------+-------------------------------------------
     0 | D:1      | Amnesiac the Felid Earth Elementalist began the quest for
                  | the Orb.
     0 | D:1      | Reached XP level 1. HP: 7/7 MP: 4/4
   381 | D:2      | Reached skill level 3 in Earth Magic
   397 | D:2      | Reached XP level 2. HP: 8/11 MP: 3/6
   401 | D:2      | Learned a level 2 spell: Passwall
   750 | D:4      | Noticed Dowan
   751 | D:4      | Noticed Duvessa
   780 | D:4      | Found a deep blue altar of Sif Muna.
   787 | D:5      | Entered Level 5 of the Dungeon
  1125 | D:5      | Noticed a crimson imp
  1215 | D:5      | Reached XP level 3. HP: 9/14 MP: 0/8
  1372 | D:5      | Reached skill level 4 in Earth Magic
  1372 | D:5      | Reached XP level 4. HP: 12/18 MP: 3/9
  1420 | D:5      | Found a staircase to the Ecumenical Temple.
  1428 | Temple   | Entered the Ecumenical Temple
  1586 | Temple   | Became a worshipper of Vehumet
  1797 | D:4      | Noticed a phantom
  1825 | D:4      | Learned a level 4 spell: Petrify
  1896 | D:4      | Noticed an ogre
  1902 | D:4      | Found a bloodstained altar of Trog.
  1925 | D:4      | Slain by a worm
  1926 | D:4      | Reached XP level 3. HP: 0/14 MP: 7/8
  2324 | D:3      | Found a transporter.
  2326 | D:3      | Identified the +10 great mace "Wokytoje" {speed, rC+}
  2326 | D:3      | Noticed an ogre
  2338 | D:3      | Reached XP level 4. HP: 3/18 MP: 9/9
  2763 | D:3      | Found a basalt altar of Yredelemnul.
  3386 | D:2      | Slain by a kobold

Levels and vault maps discovered:
D:1:      dpeg_arrival_oval, layout_basic
D:2:      layout_rooms, first_ration, minmay_tetromino_t4
D:3:      layout_basic, lemuel_crystal_altar, gammafunk_ghost_smash
D:4:      minmay_general_purpose_star, layout_rooms, kennysheep_mini_moat,
          marbit_many_paths, minmay_misc_feat_square, uniq_duvessa
D:5:      layout_basic, minmay_temple_entry_stoned_glass
Temple:   hc_temple_tempest_star

Skill      XL: |  1  2  3 |
---------------+----------+-----
Earth Magic    | 3 4 |  4.5
Spellcasting   | 3 |  3.3
Dodging        | |  2.6
Stealth        | |  2.6
Transmutations | |  1.1

Action                   |  1- 3 |  4- 6 || total
-------------------------+-------+-------++-------
Melee: Unarmed           |    69 |    75 ||   144
       Bite              |     7 |     7 ||    14
 Cast: Sandblast         |    23 |     7 ||    30
       Passwall          |       |     3 ||     3
  Use: Scroll            |     1 |     1 ||     2
 Stab: Sleeping          |     5 |     3 ||     8
       Distracted        |     1 |       ||     1
  Eat: Chunk             |     9 |     8 ||    17
Armor: Skin              |     4 |     4 ||     8
Dodge: Dodged            |    54 |    65 ||   119

Table legend:
 A = Non-vault XP
 B = Vault XP
 C = Vault XP percentage of total XP
 D = Non-vault monster count
 E = Vault monster count
 F = Vault count percentage of total count
                 A         B        C        D         E       F
            +---------+---------+-------+---------+---------+-------
      Total |     210 |       5 |   2.3 |      31 |       3 |   8.8
            +---------+---------+-------+---------+---------+-------
        D:1 |      21 |       0 |   0.0 |      11 |       0 |   0.0
        D:2 |       7 |       5 |  41.7 |       4 |       3 |  42.9
        D:3 |      19 |       0 |   0.0 |      10 |       0 |   0.0
        D:4 |       6 |       0 |   0.0 |       2 |       0 |   0.0
        D:5 |     157 |       0 |   0.0 |       4 |       0 |   0.0
            +---------+---------+-------+---------+---------+-------
